AoeStats
← ainea_zothana

Arabia

509950912Analyzed
1v1 RM · 4d ago on Sep 28, 2026· 21m 19s· 2 players
Game mode
Random Map
Map size
Tiny (2 player)
Population
200
Speed
Normal
Resources
Standard
Victory
Conquest
Starting age
Dark Age
Ending age
Imperial Age
RankedLock teamsTeams togetherTeam positionsShared explorationLock speedFull tech treeHidden civsTurbo modeCheats
Victory
Defeat
🇮🇳 Danes · India
1037
+17
🇨🇴 Armenians · Colombia
1066
-17
ainea_zothana
9:38 Feudal Age
7:54 Loom
14:29 Castle Age
12:32 Double-Bit Axe
16:56 Squires
18:05 Forging
BP l Cheche
7:44 Loom
10:19 Feudal Age
10:32 Man-at-Arms
10:58 Arson
11:42 Double-Bit Axe
11:41 Horse Collar
11:55 Gold Mining
16:59 Town Watch
18:45 Long Swordsman
22:45 Castle Age
Connection lost

Rejoining the realm…

Still unreachable

The connection could not be restored.

Session expired

The server has moved on; the page needs a fresh start.